 Dungeon Crawl Stone Soup version 0.30-a0-879-ga8ba668304 (webtiles) character file.

Game seed: 450383257167475354

105 AtlasWard the Trooper (level 4, -4/49 HPs)
             Began as an Ogre Cinder Acolyte on Mar 12, 2023.
             Was a High Priest of Ignis.
             Slain by Terence
             ... wielding a +0 trident
              (6 damage)
             ... on level 3 of the Dungeon.
             The game lasted 00:02:22 (2031 turns).

AtlasWard the Trooper (Ogre Cinder Acolyte)         Turns: 2031, Time: 00:02:23

Health: -4/49      AC:  3    Str: 26    XL:     4   Next: 83%
Magic:  6/7        EV:  9    Int: 15    God:    Ignis [*****.]
Gold:   88         SH:  0    Dex:  4    Spells: 5/7 levels left

rFire   + . .      SeeInvis .    a - -1 mace (flame)
rCold   . . .      Faith    .    (no shield)
rNeg    . . .      Spirit   .    b - +0 robe
rPois   .          Reflect  .    (helmet restricted)
rElec   .          Rampage  .    (no cloak)
rCorr   .                        (gloves unavailable)
Will    .....                    (boots unavailable)
Stlth   +                        (no amulet)
HPRegen 0.28/turn                f - +6 ring of strength
MPRegen 0.10/turn                (no ring)

@: no status effects
A: large, unfitting armour, tough skin 1
a: Renounce Religion, Fiery Armour, Foxfire Swarm, Rising Flame


You were on level 3 of the Dungeon.
You worshipped Ignis.
Ignis was extremely pleased with you.
You visited 1 branch of the dungeon, and saw 3 of its levels.

You collected 88 gold pieces.

Inventory:

Hand Weapons
 a - a -1 mace of flaming (weapon)
 o - a +0 flail
Armour
 b - a +0 robe (worn)
Jewellery
 f - a +6 ring of strength (left hand)
Scrolls
 c - 3 scrolls of identify {unknown}
 e - a scroll of poison {unknown}
 h - a scroll of fog {unknown}
 m - a scroll of immolation {unknown}
 n - 3 scrolls of brand weapon {unknown}
 p - a scroll of torment {unknown}
Potions
 d - 2 potions of lignification {unknown}
 g - a potion of mutation {unknown}
 i - a potion of resistance {unknown}
 j - a potion of invisibility {unknown}
 k - a potion of ambrosia {unknown}
 l - a potion of attraction {unknown}


   Skills:
 + Level 4.9 Fighting
 * Level 3.8 Maces & Flails
 - Level 2.0 Spellcasting
 + Level 3.2 Fire Magic


You had 5 spell levels left.
You knew the following spells:

 Your Spells              Type           Power      Damage    Failure   Level
a - Scorch                Fire           22%        2d6       9%          2

Your spell library contained the following spells:

 Spells                   Type           Power      Damage    Failure   Level
 Animate Armour           Summ/Erth      2%         N/A       91%         4
 Blade Hands              Tmut           0%         N/A       99%         5
 Iron Shot                Conj/Erth      0%         9d1       100%        6


Dungeon Overview and Level Annotations

Branches:
Dungeon (3/15)

Altars:

Annotations:
D:3 Terence


Innate Abilities, Weirdness & Mutations

You are too large for most types of armour.
You have tough skin. (AC +1)


Message History

You can't see any susceptible monsters within range! (Use Z to cast anyway.) Terence zaps a wand.
The puff of flame hits you. You resist.
Casting: Scorch (safe; 9% risk of failure)
Confirm with . or Enter, or press ? or * to list all spells.
Flames lash Terence.
Terence is lightly wounded.
Terence's fire resistance burns away.
Terence zaps a wand.
The puff of flame hits you. You resist.
Terence zaps a wand.
The puff of flame hits you. You resist. Terence hits you with a +0 trident!
You hit Terence. You burn Terence.
Terence is lightly wounded.
Terence is no longer more vulnerable to fire.
Terence zaps a wand.
The puff of flame hits you. You resist.
You barely miss Terence.
Terence is lightly wounded.
Terence zaps a wand.
The puff of flame hits you. You resist.
You closely miss Terence.
Terence is lightly wounded.
Terence hits you with a +0 trident!
You are too injured to fight recklessly!
You are too injured to fight recklessly!
You are too injured to fight recklessly!
You hit Terence. You burn Terence.
Terence is heavily wounded.
Terence hits you with a +0 trident.
* * * LOW HITPOINT WARNING * * *
Terence hits you but does no damage.
You barely miss Terence.
Terence is heavily wounded.
Terence hits you with a +0 trident!
* * * LOW HITPOINT WARNING * * *
You hit Terence but do no damage.
Terence is heavily wounded.
Terence zaps a wand.
The puff of flame hits you. You resist.
* * * LOW HITPOINT WARNING * * *
You closely miss Terence.
Terence is heavily wounded.
Terence hits you with a +0 trident.
You die...

....# ....# ....# .#
##### #.#. #.#. #.#.#
#.#.##
#######.#..##########
<...Y..........@@...#
#.......##.########.#
..#.##............#.#
..#..#.###.#####.##.#
.......#.......#....#
.......#.#.###.#..###
.........#... #..#
....#..#.#######..#
.>.....#.#........#


You could see Terence.

Vanquished Creatures
  Natasha (twice) (D:3)
  An adder (D:3)
  3 orcs (D:3)
  6 bats
  3 endoplasms (D:2)
  3 giant cockroaches
  6 goblins
  4 hobgoblins
  2 jackals (D:1)
  2 kobolds
  A quokka (D:1)
  4 ball pythons
  5 frilled lizards
  2 rats
44 creatures vanquished.

Vanquished Creatures (others)
  14 plants (D:3)
14 creatures vanquished.

Grand Total: 58 creatures vanquished

Notes
Turn   | Place    | Note
-------+----------+-------------------------------------------
     0 | D:1      | AtlasWard the Ogre Cinder Acolyte began the quest for the
                  | Orb.
     0 | D:1      | Reached XP level 1. HP: 24/24 MP: 2/2
   147 | D:1      | Reached XP level 2. HP: 32/32 MP: 4/4
   292 | D:1      | Learned a level 2 spell: Scorch
   944 | D:2      | Reached XP level 3. HP: 40/40 MP: 5/5
  1638 | D:3      | Noticed Natasha
  1645 | D:3      | Killed Natasha
  1646 | D:3      | Reached XP level 4. HP: 35/49 MP: 7/7
  1818 | D:3      | Noticed Natasha
  1831 | D:3      | Killed Natasha
  1954 | D:3      | Noticed an ice beast
  2020 | D:3      | Noticed Terence
  2030 | D:3      | HP: 2/49 [Terence/puff of flame (3)]
  2031 | D:3      | Slain by Terence

Illustrated notes

Levels and vault maps discovered:
D:1:      dpeg_arrival_fog, layout_loops_ring, minmay_misc_feat_four_crosses,
          nrook_campfire
D:2:      layout_loops_ring
D:3:      wad_lake_hut, layout_basic, mainiacjoe_overflow_big_doors,
          shapermc_ecumenical_altar_mp_vishouse, uniq_robin, uniq_natasha,
          uniq_terence

Skill      XL: |  1  2  3 |
---------------+----------+-----
Maces & Flails | 3 |  3.8
Fire Magic     | 3 |  3.2
Spellcasting   | 2 |  2.0
Fighting       | |  4.9

Action                     |  1- 3 |  4- 6 || total
---------------------------+-------+-------++-------
  Melee: Mace              |   157 |    34 ||   191
         Punch             |     3 |       ||     3
   Cast: Scorch            |       |     1 ||     1
 Armour: Robe              |    64 |     6 ||    70
  Dodge: Dodged            |   101 |    14 ||   115

Table legend: (Time is in decaauts)
 A = Elapsed time spent in this place.
 B = Non-inter-level travel time spent in this place.
 C = Inter-level travel time spent in this place.
 D = Time resting spent in this place.
 E = Time spent auto-exploring this place.
 F = Levels seen in this place.
 G = Mean time per level.
                   A        B        C        D        E       F      G
               +--------+--------+--------+--------+--------+-----+--------+
         Total |   2084 |   2026 |     58 |      0 |   1618 |   3 |  694.7 |
       Dungeon |   2084 |   2026 |     58 |      0 |   1618 |   3 |  694.7 |
               +--------+--------+--------+--------+--------+-----+--------+

Top non-repeatable levels by time:
     D:1: 917 daAuts
     D:2: 708 daAuts
     D:3: 458 daAuts
